cohdb
Replays
Latest Replays
All Replays
Popular Replays
Top Player Replays
Match Explorer
How It Works
Community
CoH3 Stats
Reddit
Sign in to upload your games and track your stats! →
Sign in with Steam
Match 45729962
Unlisted
Match 45729962
Overview
Messages
Build Orders
End
Scout Squad
Construct Barracks
Selects Armored Battlegroup
Selects Veteran Crews
1⁄4-ton 4x4 Truck
Riflemen Squad
Riflemen Squad
Riflemen Squad
Construct Medical Station
Infantry Support Center
Construct Motor Pool
M8 Greyhound Armored Car
Selects Strength in Steel
Grenade Package
Engineer Squad
Selects M31 Recovery Vehicle
Selects War Machine
M8 Greyhound Armored Car
M8 Greyhound Armored Car
M24 Chaffee Light Tank
odung
oziligath
0
0
Comments
sign in to comment!
No comments posted yet!